Map: Galactic Process LE

Players

RICE

  • Race: Terran Terran
  • Spawn Location: 7:00

Fropez - Winner!

  • Race: Protoss Protoss
  • Spawn Location: 1:00

VOD

Have the link to the VOD?

Description

Time

  • Played on: Oct. 18, 2016, 5:24 p.m.
  • Length: 17:45
Show
View Real Time Build Order
Export as new Build Order

RICE Terran 

Build Orders:  

Get SALT Encoding   

  12  0:01  SCV  
  13  0:13  SCV  
  14  0:17  Supply Depot  
  14  0:25  SCV  
  15  0:39  SCV  
  15  0:41  Barracks  
  16  0:46  Supply Depot  
  16  0:51  SCV  
  16  0:57  Refinery  
  17  1:03  SCV  
  18  1:07  Refinery  
  18  1:15  SCV  
  19  1:27  SCV  
  20  1:36  Barracks  
  20  1:38  Reaper  
  21  1:43  Orbital Command  
  21  2:00  Factory  
  21  2:18  SCV  
  22  2:30  SCV  
  22  2:31  Reaper  
  22  2:32  Reaper  
  25  2:43  Command Center  
  25  2:46  Factory Tech Lab  
  24  3:14  SCV  
  24  3:15  Siege Tank  
  24  3:16  Barracks Reactor, Barracks Tech Lab  
  28  3:26  SCV, Supply Depot  
  29  3:28  Supply Depot  
  29  3:34  Engineering Bay  
  29  3:38  SCV  
  30  4:14  SCV  
  29  4:17  Siege Tank  
  29  4:20  Marine x2, Marauder  
  29  4:21  Stimpack  
  36  4:31  SCV  
  37  4:32  Terran Infantry Weapons Level 1  
  37  4:36  Engineering Bay  
  37  4:38  Supply Depot  
  37  4:46  Starport  
  37  4:56  SCV  
  37  4:58  Siege Tank  
  41  5:14  Orbital Command  
  41  5:16  SCV  
  42  5:26  Marine x2  
  42  5:27  Marauder  
  42  5:28  SCV  
  47  5:30  Siege Tank  
  50  5:36  Terran Infantry Armor Level 1  
  50  5:43  Barracks  
  50  5:44  Barracks  
  50  5:45  Barracks  
  50  5:59  Medivac  
  50  6:00  SCV  
  50  6:01  SCV  
  50  6:02  Supply Depot  
  54  6:05  Supply Depot  
  54  6:13  SCV x2  
  56  6:20  Refinery  
  56  6:23  Refinery  
  56  6:25  SCV x2  
  58  6:36  Barracks  
  58  6:43  SCV x2  
  58  6:44  Marauder  
  58  6:45  Barracks Reactor, Barracks Tech Lab x2  
  58  6:46  Marine x2  
  64  6:57  Command Center  
  65  7:20  Viking  
  45  7:48  Marine x2  
  45  7:49  Marine, Marauder  
  38  8:03  Marine, Marauder  
  41  8:07  SCV  
  42  8:13  Medivac  
  42  8:14  Marine  
  42  8:15  Marauder  
  42  8:16  Marauder  
  42  8:17  Barracks Reactor  
  42  8:19  SCV  
  43  8:47  Orbital Command  
  39  8:50  SCV x2  
  35  9:00  Marine  
  35  9:01  Marine x5, Marauder x2  
  35  9:02  SCV  
  44  9:32  Orbital Command  
  44  9:33  SCV x2  
  44  9:36  Starport Reactor  
  50  9:45  Siege Tank, SCV x2  
  51  9:56  Refinery  
  51  9:57  SCV  
  51  9:58  SCV  
  51  9:59  Marine x3, Refinery  
  56  10:15  Marine x2  
  56  10:16  Marine, Marauder  
  56  10:19  Marauder x2  
  65  10:34  Marine x2  
  65  10:35  Marine x3  
  70  10:36  Marine  
  70  10:38  SCV x3  
  48  11:09  Orbital Command  
  35  11:20  Orbital Command  
  26  11:37  SCV x2  
  25  11:49  SCV x2  
  25  11:50  SCV  
  28  11:55  Marine x3  
  28  11:56  Marauder x2  
  28  11:57  Armory  
  28  11:58  Marine  
  28  12:01  SCV x2  
  38  12:03  SCV  
  39  12:13  SCV x2  
  41  12:18  SCV  
  42  12:25  SCV x2  
  44  12:30  SCV  
  45  12:53  SCV x3  
  48  13:03  Combat Shields  
  48  13:04  Concussive Shells  
  48  13:05  SCV x3  
  51  13:17  SCV x3  
  54  13:23  Missile Turret  
  54  13:25  Refinery  
  54  13:27  Marine x2  
  54  13:28  Marine x4  
  54  13:29  SCV x3  
  54  13:30  Marauder  
  54  13:31  Marauder x2  
  69  13:41  SCV x3, Medivac  
  74  13:53  SCV x3  
  73  14:21  Marine x4, Marauder x2  
  73  14:22  Marine, Marauder  
  75  14:27  Marine  
  69  14:42  Marauder x2  
  69  14:43  Marauder  
  70  14:54  Marine x5  
  70  14:55  Marine  
  70  14:56  Medivac  
  78  15:04  Marauder x3  
  79  15:11  Marine  
  52  15:29  Marine  
  52  15:30  Marine x3, Marauder x3  
  54  15:40  SCV x2  
  48  15:51  Marauder x2  
  48  15:52  SCV  
  40  16:20  Marine  
  40  16:21  Marine x2, Marauder x3  
  45  16:42  Marauder x3  
  50  17:06  Orbital Command  
  45  17:14  SCV  
  33  17:26  SCV  
Show
View Real Time Build Order
Export as new Build Order

Fropez Protoss - Winner!

Build Orders: 1 Gate Expand 

Get SALT Encoding   

  12  0:01  Probe (Chrono Boost)  
  13  0:12  Probe (Chrono Boost)  
  14  0:19  Pylon  
  14  0:22  Probe (Chrono Boost)  
  15  0:30  Pylon  
  15  0:36  Assimilator  
  15  0:48  Probe (Chrono Boost)  
  16  0:56  Gateway  
  16  0:58  Probe (Chrono Boost)  
  17  1:09  Probe (Chrono Boost)  
  18  1:21  Probe (Chrono Boost)  
  19  1:33  Nexus  
  19  1:37  Probe (Chrono Boost)  
  20  1:46  Cybernetics Core  
  20  1:50  Probe (Chrono Boost)  
  21  1:56  Assimilator  
  21  2:01  Probe (Chrono Boost)  
  22  2:11  Probe (Chrono Boost)  
  22  2:36  Pylon  
  22  2:37  Pylon  
  22  2:40  Pylon  
  22  2:45  Mothership Core (Chrono Boost)  
  24  2:57  Probe (Chrono Boost)  
  24  2:59  Warp Gate (Chrono Boost)  
  24  3:01  Adept (Chrono Boost)  
  26  3:10  Probe (Chrono Boost)  
  26  3:19  Probe  
  26  3:21  Gateway  
  26  3:23  Gateway  
  26  3:24  Probe  
  28  3:30  Probe  
  29  3:41  Probe  
  30  3:45  Probe  
  30  3:49  Pylon  
  30  3:53  Pylon, Probe  
  31  3:56  Probe  
  31  4:01  Adept (Chrono Boost)  
  31  4:13  Probe x2  
  33  4:26  Adept x2  
  37  4:39  Probe  
  37  4:40  Probe  
  37  4:43  Robotics Facility  
  39  4:50  Probe  
  39  4:52  Probe  
  41  4:59  Pylon  
  41  5:01  Probe  
  41  5:04  Probe  
  41  5:14  Probe  
  41  5:15  Adept x3  
  48  5:22  Probe, Assimilator  
  48  5:25  Probe  
  50  5:31  Warp Prism  
  50  5:33  Twilight Council  
  50  5:34  Probe  
  53  5:38  Adept x3, Probe  
  60  5:47  Pylon  
  60  5:49  Probe  
  60  5:50  Pylon, Probe  
  62  6:04  Probe  
  62  6:06  Probe  
  64  6:11  Assimilator  
  64  6:14  Stalker  
  64  6:15  Probe, Stalker x2  
  64  6:17  Resonating Glaives (Chrono Boost)  
  71  6:37  Gateway  
  71  6:39  Gateway  
  71  6:41  Probe x2  
  71  6:42  Gateway  
  71  6:43  Gateway  
  71  6:46  Forge  
  73  6:53  Probe  
  74  6:55  Adept x3  
  69  7:23  Stalker x3  
  69  7:26  Protoss Ground Weapons Level 1  
  63  8:01  Probe  
  63  8:03  Probe  
  65  8:12  Probe  
  65  8:15  Probe  
  65  8:20  Nexus  
  65  8:22  Probe  
  65  8:23  Pylon  
  65  8:24  Pylon  
  67  8:27  Adept, Probe  
  67  8:28  Adept x4  
  67  8:29  Adept x2  
  69  9:06  Probe  
  69  9:08  Probe  
  71  9:11  Photon Cannon  
  71  9:13  Photon Cannon  
  71  9:17  Pylon, Probe  
  71  9:20  Probe  
  69  9:24  Immortal (Chrono Boost)  
  69  9:30  Stalker  
  69  9:31  Probe, Stalker x5  
  79  9:33  Probe x2  
  88  9:39  Protoss Ground Weapons Level 2 (Chrono Boost)  
  88  9:47  Probe  
  88  9:48  Probe  
  88  9:51  Photon Cannon  
  90  9:59  Assimilator  
  90  10:00  Stalker  
  90  10:01  Immortal (Chrono Boost)  
  90  10:03  Probe  
  97  10:20  Assimilator  
  97  10:25  Assimilator  
  97  10:29  Probe  
  97  10:30  Probe  
  97  10:33  Photon Cannon  
  99  10:41  Adept x6  
  99  10:42  Adept  
  109  11:03  Adept x6  
  109  11:04  Adept  
  113  11:10  Pylon  
  83  11:25  Stalker x3  
  83  11:26  Stalker x4  
  83  11:31  Probe  
  83  11:33  Probe  
  86  11:40  Probe  
  86  11:42  Nexus, Probe  
  86  11:45  Probe  
  86  11:46  Assimilator  
  88  11:51  Assimilator  
  88  11:54  Pylon  
  88  11:56  Pylon  
  88  12:03  Immortal, Stalker x2  
  88  12:04  Stalker x4  
  104  12:27  Dark Shrine  
  104  12:29  Probe  
  105  12:34  Pylon, Robotics Facility  
  105  12:38  Blink (Chrono Boost)  
  105  12:41  Pylon  
  105  12:44  Photon Cannon, Stalker  
  105  12:45  Stalker x2  
  105  12:46  Stalker x3  
  117  12:53  Protoss Ground Armor Level 1 (Chrono Boost)  
  117  13:09  Observer  
  118  13:29  Warp Prism  
  120  13:38  Adept x5  
  120  13:39  Adept  
  120  14:37  Dark Templar x5  
  120  14:38  Protoss Shields Level 1 (Chrono Boost), Dark Templar  
  107  15:33  Dark Templar x6  
  107  15:34  Dark Templar  
  119  15:40  Immortal x2  
  107  17:01  Stalker x4  
  109  17:02  Stalker x3  
  121  17:11  Gateway  
  121  17:12  Gateway  
  121  17:14  Gateway  
  121  17:16  Gateway  
  121  17:17  Gateway  
  121  17:19  Gateway  
  121  17:22  Gateway  
  121  17:23  Gateway  
  121  17:24  Gateway  
  121  17:26  Nexus  
  121  17:27  Gateway  
  121  17:29  Gateway  
  121  17:30  Pylon  
  121  17:32  Pylon  
  121  17:34  Stalker  
  121  17:35  Assimilator, Stalker x6  
  135  17:37  Pylon, Assimilator  
  135  17:38  Pylon  
  135  17:40  Pylon  
Tags
 
Add a new tag
Caveats
  • Supply blocks, unpowered buildings, or Contaminate may cause inaccurate times.
  • Supply counts are checked every 10 seconds.